 Dungeon Crawl Stone Soup version 0.31.0-10-gcf4a605ca0 (webtiles) character file.

Game seed: 3163948888013926104

112 Gadfly the Ruffian (level 4, -9/54 HPs)
             Began as a Draconian Shapeshifter on Jan 25, 2024.
             Killed by divine providence
             ... invoked by an orc priest
              (12 damage)
             ... on level 3 of the Dungeon.
             The game lasted 00:02:40 (1449 turns).

Gadfly the Ruffian (Draconian Shapeshifter)         Turns: 1449, Time: 00:02:40

Health: -9/54      AC:  5    Str: 17    XL:     4   Next: 64%
Magic:  4/4        EV: 13    Int: 10    God:
Gold:   197        SH:  0    Dex: 18    Spells: 3/3 levels left

rFire   . .          .
                       - Unarmed
rCold   . . .        (no shield)
rNeg    . . .        (body armour unavailable)
rPois   .            (helmet currently unavailable)
rElec   .            (cloak currently unavailable)
rCorr   .            (gloves currently unavailable)
SInv    .            (boots currently unavailable)
Will    .....        (no amulet) Stlth
                     a - +6 ring of dexterity
HPRegen 0.29/turn    (no ring)
MPRegen 0.09/turn

%: no passive effects
@: berserking, beast-form, very quick
A: beast (slay +1), AC +5, unfitting armour, cold-blooded
a: Begin Untransformation


You were on level 3 of the Dungeon.
You were a hulking beast.
You visited 1 branch of the dungeon, and saw 3 of its levels.

You collected 197 gold pieces.

Inventory:

Jewellery
 a - a +6 ring of dexterity (left hand)
Talismans
 b - a beast talisman
 c - a flux talisman
Scrolls
 f - a scroll of identify {unknown}
Potions
 e - a potion of magic {unknown}
 g - a potion of degeneration {unknown}


   Skills:
 + Level 1.8 Fighting
 * Level 2.6 Dodging
 * Level 3.6 Unarmed Combat
 * Level 2.0 Evocations
 * Level 3.4 Shapeshifting


You had 3 spell levels left.
You didn't know any spells.
Your spell library contained the following spells:

 Spells                   Type           Power      Damage    Failure   Level
 Static Discharge         Conj/Air       0%         3-3/arc   50%         2
 Airstrike                Air            0%         2d(0-16)  98%         4
 Summon Lightning Spire   Summ/Air       0%         N/A       98%         4


Dungeon Overview and Level Annotations

Branches:
Dungeon (3/15)

Altars:
Ashenzari
Elyvilon

Annotations:
D:1 1 transporter


Innate Abilities, Weirdness & Mutations

You are a hulking beast.
Your limbs bulge with bestial killing power. (Slay +1)
Your plain brown scales are hard. (AC +5)
You cannot fit into any form of body armour.
You are cold-blooded and may be slowed by cold attacks.


Message History

You are too confused!
You are too confused!
You are too confused!
You are too confused!
You are too confused!
You are too confused!
Unknown command.
You barely miss the orc.
The orc is almost dead.
The orc priest looks braver for a moment.
The orc closely misses you.
The orc priest attacks as it pursues you!
The orc priest misses you.
You hear some strange, mumbled words.
Something tries to affect you, but you resist.
The orc priest attacks as it pursues you!
The orc priest closely misses you. The orc attacks as it pursues you!
The orc closely misses you.
The orc wizard mumbles some strange words.
The orc wizard flickers and vanishes!
The orc priest invokes the aid of Beogh against you.
Beogh smites you! The orc closely misses you. Something hits you.
You feel less confused. The orc attacks as it pursues you!
The orc hits you with a +0 flail!
* * * LOW HITPOINT WARNING * * *
It was a potion of berserk rage.
A red film seems to cover your vision as you go berserk!
You feel yourself moving faster!
You feel mighty!
You feel a strong urge to attack something.
Something hits you but does no damage.
You are electrocuted!
* * * LOW HITPOINT WARNING * * *
You miss something. You tail-slap something.
Reactivating autopickup.
You feel a bit more experienced.
Your Evocations skill increases to level 2!
The orc completely misses you.
The orc priest mumbles some strange prayers to Beogh against you.
Beogh smites you!
You die...

#.......# #
#.......# #
..........## #
.###.......# # #
##...##.# .. #
#.####.# #.# #
#.# ##.#####
...##
#.####.###......#
...~~
#.....oh....##.##
.♣..~
######o####.# #
.....
#####..{###.#
._.♣.
#.....o.....#
.....
#.#.......#.#
.♣..~ #.~...~.#.#
..[~~ #.......#.#
...# #.......#.#
#.# # #.......#
#.###


You could see an orc priest and 2 orcs.

Vanquished Creatures
  An orc wizard (D:3)
  4 adders
  2 ribbon worms (D:2)
  4 bats
  5 endoplasms
  3 giant cockroaches
  5 goblins
  2 hobgoblins (D:1)
  4 jackals (D:2)
  2 kobolds
  3 quokkas (D:1)
  4 ball pythons
  3 frilled lizards
  5 rats
47 creatures vanquished.

Notes
Turn   | Place    | Note
-------+----------+-------------------------------------------
     0 | D:1      | Gadfly the Draconian Shapeshifter began the quest for the
                  | Orb.
     0 | D:1      | Reached XP level 1. HP: 16/16 MP: 1/1
    68 | D:1      | Reached XP level 2. HP: 23/23 MP: 2/2
   470 | D:2      | Reached skill level 1 in Evocations
   493 | D:2      | Reached XP level 3. HP: 7/28 MP: 3/3
   690 | D:2      | Found a broken altar of Ashenzari.
  1100 | D:3      | Reached XP level 4. HP: 31/35 MP: 4/4
  1294 | D:3      | Found a white marble altar of Elyvilon.
  1449 | D:3      | Killed from afar by an orc priest

Illustrated notes

Levels and vault maps discovered:
D:1:      spicycebolla_arrival_risky_transporter, layout_rooms
D:2:      layout_basic, basic_altar, minmay_tetromino_t4
D:3:      cheibrodos_pilgrimage, layout_loops_ring, elyvilon_altar_4,
          chequers_serial_rivers_large_b, grunt_ministairs_6, amethyst_killhole,
          dk_vineyard_1, chequers_big_river

Skill      XL: |  1  2  3  4 |
---------------+-------------+-----
Dodging        | 2 |  2.6
Evocations     | 1 2 |  2.0
Fighting       | |  1.8
Unarmed Combat | |  3.6
Shapeshifting  | |  3.4

Action                     |  1- 3 |  4- 6 || total
---------------------------+-------+-------++-------
  Melee: Unarmed           |   120 |    26 ||   146
         Tailslap          |    14 |     3 ||    17
         Punch             |     2 |       ||     2
    Use: Scroll            |     4 |       ||     4
         Potion            |     1 |     1 ||     2
   Stab: Sleeping          |     5 |       ||     5
 Armour: Skin              |    55 |    20 ||    75
  Dodge: Dodged            |   101 |    38 ||   139
